TOP OF THE 1ST |
Savannah Hogs batting - Pitching for Scottsdale Scorpions : RHP Pablo Martínez
|
Pitching: RHP Pablo Martínez
|
|
Batting: RHB Wilson Ortíz
|
0-0: Called Strike 0-1: Ball 1-1: Foul Ball, location: 2F 1-2: SINGLE (Groundball, 56D)
|
Batting: SHB Ramón Minas
|
0-0: Foul Ball, location: 2F 0-1: Ball 1-1: Foul Ball, location: 2F 1-2: Foul Ball, location: 2F 1-2: Foul Ball, location: 2F 1-2: Ball 2-2: Ball 3-2: Base on Balls Wilson Ortíz to second
|
Batting: RHB Juan Morales
|
0-0: Called Strike 0-1: Fly out, F8 (Flyball, 8RD)
|
Batting: RHB Pedro Cuevas
|
0-0: Called Strike 0-1: Grounds into double play, 4-6-3 (Groundball, 4)
|
Top of the 1st over - 0 runs, 1 hit, 0 errors, 1 left on base; Savannah 0 - Scottsdale 0 |
BOTTOM OF THE 1ST |
Scottsdale Scorpions batting - Pitching for Savannah Hogs : RHP Juan Gómez
|
Pitching: RHP Juan Gómez
|
|
Batting: LHB Bartolo Baruffaldi
|
0-0: Ball 1-0: Ball 2-0: Called Strike 2-1: Ball 3-1: Base on Balls
|
Batting: LHB Shawn Brown
|
0-0: Ball 1-0: Ball 2-0: Called Strike 2-1: Ball 3-1: Fly out, F9 (Line Drive, 9LD)
|
Batting: LHB Tony Ayala
|
0-0: Ball 1-0: Swinging Strike 1-1: Ball 2-1: Called Strike 2-2: Foul Ball, location: 2F 2-2: Foul Ball, location: 2F 2-2: Ball Bartolo Baruffaldi steals 2nd base 3-2: Foul Ball, location: 2F 3-2: Fly out, F6 (Line Drive, 6)
|
Batting: LHB Ángel De Jesús
|
0-0: Called Strike 0-1: Foul Ball, location: 2F 0-2: Ball 1-2: Ball 2-2: Ball 3-2: Base on Balls
|
Batting: RHB Steve Boyer
|
0-0: SINGLE (Line Drive, 34D) Bartolo Baruffaldi to third Ángel De Jesús to second Runner from 3rd tries for Home, throw and OUT!
|
Bottom of the 1st over - 0 runs, 1 hit, 0 errors, 2 left on base; Savannah 0 - Scottsdale 0 |
TOP OF THE 2ND |
Savannah Hogs batting - Pitching for Scottsdale Scorpions : RHP Pablo Martínez
|
Batting: RHB Louis Miller
|
0-0: Ball 1-0: Ball 2-0: Called Strike 2-1: Ball 3-1: Called Strike 3-2: SOLO HOME RUN (Flyball, 7LD), Distance : 329 ft
|
Batting: SHB Gilberto Acevedo
|
0-0: Called Strike 0-1: Swinging Strike 0-2: Strikes out swinging
|
Batting: LHB Felipe Franco
|
0-0: Called Strike 0-1: Ball 1-1: Fly out, F7 (Flyball, 7)
|
Batting: RHB Tucker Cooper
|
0-0: Ball 1-0: Ball 2-0: Ball 3-0: Base on Balls
|
Batting: RHB Miguel Martínez
|
0-0: Called Strike 0-1: Ball 1-1: Called Strike 1-2: Strikes out swinging
|
Top of the 2nd over - 1 run, 1 hit, 0 errors, 1 left on base; Savannah 1 - Scottsdale 0 |
BOTTOM OF THE 2ND |
Scottsdale Scorpions batting - Pitching for Savannah Hogs : RHP Juan Gómez
|
Batting: RHB Miguel Ramos
|
0-0: Called Strike 0-1: Ball 1-1: Foul Ball, location: 2F 1-2: Ground out 6-3 (Groundball, 6D)
|
Batting: RHB Nathan Taylor
|
0-0: Ball 1-0: Called Strike 1-1: Called Strike 1-2: Ball 2-2: Foul Ball, location: 2F 2-2: Strikes out swinging
|
Batting: RHB Rob Johnston
|
0-0: Ball 1-0: Ball 2-0: Ground out 6-3 (Groundball, 6)
|
Bottom of the 2nd over - 0 runs, 0 hits, 0 errors, 0 left on base; Savannah 1 - Scottsdale 0 |
TOP OF THE 3RD |
Savannah Hogs batting - Pitching for Scottsdale Scorpions : RHP Pablo Martínez
|
Batting: RHB Wilson Ortíz
|
0-0: Swinging Strike 0-1: Ball 1-1: Foul Ball, location: 2F 1-2: Strikes out looking
|
Batting: SHB Ramón Minas
|
0-0: Called Strike 0-1: Swinging Strike 0-2: Ball 1-2: Ball 2-2: Strikes out looking
|
Batting: RHB Juan Morales
|
0-0: Foul Ball, location: 2F 0-1: Ball 1-1: Ball 2-1: Ball 3-1: Foul Ball, location: 2F 3-2: Strikes out swinging
|
Top of the 3rd over - 0 runs, 0 hits, 0 errors, 0 left on base; Savannah 1 - Scottsdale 0 |
BOTTOM OF THE 3RD |
Scottsdale Scorpions batting - Pitching for Savannah Hogs : RHP Juan Gómez
|
Batting: RHB Robinson Fernández
|
0-0: Ball 1-0: Fly out, F8 (Flyball, 8LD)
|
Batting: LHB Bartolo Baruffaldi
|
0-0: SINGLE (Flyball, 78M)
|
Batting: LHB Shawn Brown
|
0-0: Ball 1-0: Ball 2-0: Called Strike 2-1: Ball 3-1: Base on Balls Bartolo Baruffaldi to second
|
Batting: LHB Tony Ayala
|
0-0: Called Strike 0-1: Swinging Strike 0-2: Foul Ball, location: 2F 0-2: Foul Ball, location: 2F 0-2: Ball 1-2: Ball 2-2: Ball 3-2: Foul Ball, location: 2F 3-2: Fly out, F8 (Flyball, 8LXD) Runner from 2nd tags up, SAFE at 3rd, no throw
|
Batting: LHB Ángel De Jesús
|
0-0: Called Strike 0-1: Ball 1-1: Ball 2-1: Ball 3-1: Called Strike 3-2: Foul Ball, location: 2F 3-2: Strikes out swinging
|
Bottom of the 3rd over - 0 runs, 1 hit, 0 errors, 2 left on base; Savannah 1 - Scottsdale 0 |
TOP OF THE 4TH |
Savannah Hogs batting - Pitching for Scottsdale Scorpions : RHP Pablo Martínez
|
Batting: RHB Pedro Cuevas
|
0-0: Foul Ball, location: 2F 0-1: Ball 1-1: Fly out, F9 (Line Drive, 9LM)
|
Batting: RHB Louis Miller
|
0-0: Foul Ball, location: 2F 0-1: Foul Ball, location: 2F 0-2: Reached on error, E6 (Groundball, 6)
|
Batting: SHB Gilberto Acevedo
|
0-0: Ball 1-0: Ball Throwing error on steal attempt, E2 Louis Miller to third 2-0: Called Strike 2-1: DOUBLE (Line Drive, 9LM) Louis Miller scores
|
Batting: LHB Felipe Franco
|
0-0: Ball 1-0: Ball 2-0: Ball 3-0: Called Strike 3-1: Base on Balls
|
Batting: RHB Tucker Cooper
|
0-0: Ball 1-0: Ball 2-0: Ball 3-0: Called Strike 3-1: Foul Ball, location: 2F 3-2: Strikes out looking
|
Batting: RHB Miguel Martínez
|
0-0: Called Strike 0-1: Ground out 6-3 (Groundball, 6)
|
Top of the 4th over - 1 run, 1 hit, 2 errors, 2 left on base; Savannah 2 - Scottsdale 0 |
BOTTOM OF THE 4TH |
Scottsdale Scorpions batting - Pitching for Savannah Hogs : RHP Juan Gómez
|
Batting: RHB Steve Boyer
|
0-0: Called Strike 0-1: Called Strike 0-2: Ball 1-2: Strikes out swinging
|
Batting: RHB Miguel Ramos
|
0-0: Ball 1-0: Foul Ball, location: 2F 1-1: Foul Ball, location: 2F 1-2: Foul Ball, location: 2F 1-2: Ball 2-2: Ball 3-2: SINGLE (Groundball, 34D)
|
Batting: RHB Nathan Taylor
|
0-0: Ball 1-0: Ball 2-0: Ball 3-0: Called Strike 3-1: SINGLE (Groundball, 6MD) Miguel Ramos to second
|
Batting: RHB Rob Johnston
|
0-0: Ball Miguel Ramos steals 3rd base Nathan Taylor to second 1-0: Ball 2-0: Ball 3-0: Called Strike 3-1: Called Strike 3-2: Strikes out swinging
|
Pitching: RHP César Marrero
|
|
Batting: RHB Robinson Fernández
|
0-0: Fly out, F8 (Flyball, 8RD)
|
Bottom of the 4th over - 0 runs, 2 hits, 0 errors, 2 left on base; Savannah 2 - Scottsdale 0 |
TOP OF THE 5TH |
Savannah Hogs batting - Pitching for Scottsdale Scorpions : RHP Pablo Martínez
|
Batting: RHB Wilson Ortíz
|
0-0: Foul Ball, location: 2F 0-1: Called Strike 0-2: Ball 1-2: Ball 2-2: Foul Ball, location: 2F 2-2: Ball 3-2: Fly out, F8 (Flyball, 8RS)
|
Batting: SHB Ramón Minas
|
0-0: Ball 1-0: Ball 2-0: Foul Ball, location: 2F 2-1: Ball 3-1: Ground out 5-3 (Groundball, 56S)
|
Batting: RHB Juan Morales
|
0-0: Called Strike 0-1: Ball 1-1: Ball 2-1: DOUBLE (Line Drive, 89XD)
|
Batting: RHB Pedro Cuevas
|
0-0: Intentional Walk
|
Pitching: RHP José Alvarado
|
|
Batting: RHB Louis Miller
|
0-0: Ball 1-0: Ball 2-0: Ball 3-0: Called Strike 3-1: Called Strike 3-2: Strikes out looking
|
Top of the 5th over - 0 runs, 1 hit, 0 errors, 2 left on base; Savannah 2 - Scottsdale 0 |
BOTTOM OF THE 5TH |
Scottsdale Scorpions batting - Pitching for Savannah Hogs : RHP César Marrero
|
Batting: LHB Bartolo Baruffaldi
|
0-0: Foul Ball, location: 2F 0-1: Fly out, F9 (Flyball, 9LM)
|
Batting: LHB Shawn Brown
|
0-0: Ball 1-0: Foul Ball, location: 2F 1-1: Called Strike 1-2: Strikes out swinging
|
Batting: LHB Tony Ayala
|
0-0: Ball 1-0: Ball 2-0: Ball 3-0: Called Strike 3-1: Base on Balls
|
Batting: LHB Ángel De Jesús
|
0-0: Ball 1-0: Called Strike 1-1: Fielders Choice at 2nd, 6-4 (Groundball, 6)
|
Bottom of the 5th over - 0 runs, 0 hits, 0 errors, 1 left on base; Savannah 2 - Scottsdale 0 |
TOP OF THE 6TH |
Savannah Hogs batting - Pitching for Scottsdale Scorpions : RHP José Alvarado
|
Batting: SHB Gilberto Acevedo
|
0-0: Ball 1-0: Called Strike 1-1: Foul Ball, location: 2F 1-2: Ball 2-2: Strikes out swinging
|
Batting: LHB Felipe Franco
|
0-0: Ball 1-0: SINGLE (Groundball, 13S) (infield hit)
|
Batting: RHB Tucker Cooper
|
0-0: Ball 1-0: Ball 2-0: Called Strike 2-1: Ground out 5-3 (Groundball, 5D) Felipe Franco to second
|
Batting: RHB Miguel Martínez
|
0-0: Swinging Strike 0-1: SINGLE (Groundball, 4MD) Felipe Franco to third Runner from 3rd tries for Home, SAFE, no throw
|
Batting: RHB Wilson Ortíz
|
0-0: Called Strike 0-1: Ball 1-1: Foul Ball, location: 2F 1-2: Ball Wild Pitch! Miguel Martínez to second 2-2: Foul Ball, location: 2F 2-2: Fly out, F9 (Flyball, 89D)
|
Top of the 6th over - 1 run, 2 hits, 0 errors, 1 left on base; Savannah 3 - Scottsdale 0 |
BOTTOM OF THE 6TH |
Scottsdale Scorpions batting - Pitching for Savannah Hogs : RHP César Marrero
|
Batting: RHB Steve Boyer
|
0-0: Ball 1-0: Ball 2-0: Swinging Strike 2-1: Foul Ball, location: 2F 2-2: Ball 3-2: Fly out, F9 (Flyball, 89S)
|
Batting: RHB Miguel Ramos
|
0-0: Foul Ball, location: 2F 0-1: Fly out, F3 (Popup, 23F)
|
Batting: RHB Nathan Taylor
|
0-0: Ball 1-0: Called Strike 1-1: Ball 2-1: Ball 3-1: Swinging Strike 3-2: Foul Ball, location: 2F 3-2: Foul Ball, location: 2F 3-2: Base on Balls
|
Batting: RHB Rob Johnston
|
0-0: Ball Nathan Taylor steals 2nd base 1-0: Ground out U3 (Groundball, 34)
|
Bottom of the 6th over - 0 runs, 0 hits, 0 errors, 1 left on base; Savannah 3 - Scottsdale 0 |
TOP OF THE 7TH |
Savannah Hogs batting - Pitching for Scottsdale Scorpions : RHP José Alvarado
|
Batting: SHB Ramón Minas
|
0-0: Ball 1-0: Called Strike 1-1: Fly out, F2 (Popup, 2R)
|
Batting: RHB Juan Morales
|
0-0: DOUBLE (Line Drive, 9LM)
|
Batting: RHB Pedro Cuevas
|
0-0: Intentional Walk
|
Batting: RHB Louis Miller
|
0-0: Ball 1-0: Ground out 5-3 (Groundball, 5S) Juan Morales to third Pedro Cuevas to second
|
Batting: SHB Gilberto Acevedo
|
0-0: Ball 1-0: Foul Ball, location: 2F 1-1: Swinging Strike 1-2: Ball 2-2: Ball 3-2: Foul Ball, location: 2F 3-2: Strikes out swinging, 2-3 out at first.
|
Top of the 7th over - 0 runs, 1 hit, 0 errors, 2 left on base; Savannah 3 - Scottsdale 0 |
BOTTOM OF THE 7TH |
Scottsdale Scorpions batting - Pitching for Savannah Hogs : RHP César Marrero
|
Batting: RHB Robinson Fernández
|
0-0: Called Strike 0-1: Ball 1-1: Ball 2-1: Ground out 4-3 (Groundball, 4)
|
Batting: LHB Bartolo Baruffaldi
|
0-0: Called Strike 0-1: Ball 1-1: Ground out 4-3 (Groundball, 4)
|
Batting: LHB Shawn Brown
|
0-0: Ball 1-0: Foul Ball, location: 2F 1-1: Ball 2-1: Foul Ball, location: 2F 2-2: Foul Ball, location: 2F 2-2: Ball 3-2: Fly out, F7 (Line Drive, 7)
|
Bottom of the 7th over - 0 runs, 0 hits, 0 errors, 0 left on base; Savannah 3 - Scottsdale 0 |
TOP OF THE 8TH |
Savannah Hogs batting - Pitching for Scottsdale Scorpions : RHP José Alvarado
|
Batting: LHB Felipe Franco
|
0-0: Ball 1-0: Called Strike 1-1: Foul Ball, location: 2F 1-2: Hit by Pitch
|
Pinch Runner at 1st Juan Chávez:
|
|
Batting: RHB Tucker Cooper
|
0-0: Called Strike 0-1: Bunted foul 0-2: Ball 1-2: Foul Ball, location: 2F 1-2: Fly out, F8 (Flyball, 8RS)
|
Pitching: RHP Rick Díaz
|
|
Batting: RHB Miguel Martínez
|
0-0: Ball 1-0: Ball 2-0: Called Strike 2-1: Foul Ball, location: 2F 2-2: Strikes out swinging
|
Batting: RHB Wilson Ortíz
|
0-0: Called Strike 0-1: Ball 1-1: SINGLE (Flyball, 8LS) Juan Chávez to second
|
Batting: SHB Ramón Minas
|
0-0: Foul Ball, location: 2F 0-1: Ball 1-1: Called Strike 1-2: Ball 2-2: Ball 3-2: Strikes out swinging
|
Top of the 8th over - 0 runs, 1 hit, 0 errors, 2 left on base; Savannah 3 - Scottsdale 0 |
BOTTOM OF THE 8TH |
Scottsdale Scorpions batting - Pitching for Savannah Hogs : RHP César Marrero
|
Batting: LHB Tony Ayala
|
0-0: Called Strike 0-1: SINGLE (Groundball, 56D)
|
Pitching: RHP Salvador Cervantes
|
|
Batting: LHB Ángel De Jesús
|
0-0: Ball 1-0: SINGLE (Line Drive, 4) Tony Ayala to second
|
Batting: RHB Steve Boyer
|
0-0: Ball 1-0: Fly out, F9 (Flyball, 9LSF)
|
Batting: RHB Miguel Ramos
|
0-0: Ball 1-0: Ball 2-0: Foul Ball, location: 2F 2-1: Foul Ball, location: 2F 2-2: Strikes out looking
|
Batting: RHB Nathan Taylor
|
0-0: Ball 1-0: Called Strike 1-1: Swinging Strike 1-2: Ball 2-2: Fielders Choice at 2nd, 5-4 (Groundball, 5L)
|
Bottom of the 8th over - 0 runs, 2 hits, 0 errors, 2 left on base; Savannah 3 - Scottsdale 0 |
TOP OF THE 9TH |
Savannah Hogs batting - Pitching for Scottsdale Scorpions : RHP Rick Díaz
|
Batting: RHB Juan Morales
|
0-0: Called Strike 0-1: Called Strike 0-2: Strikes out looking
|
Batting: RHB Pedro Cuevas
|
0-0: Called Strike 0-1: Ball 1-1: Ball 2-1: Called Strike 2-2: Ball 3-2: Base on Balls
|
Batting: RHB Louis Miller
|
0-0: Called Strike 0-1: Ball 1-1: Ball 2-1: Foul Ball, location: 2F 2-2: Ball 3-2: Foul Ball, location: 2F 3-2: Strikes out swinging
|
Batting: SHB Gilberto Acevedo
|
0-0: Ball 1-0: Called Strike 1-1: Called Strike 1-2: Strikes out swinging
|
Top of the 9th over - 0 runs, 0 hits, 0 errors, 1 left on base; Savannah 3 - Scottsdale 0 |
BOTTOM OF THE 9TH |
Scottsdale Scorpions batting - Pitching for Savannah Hogs : RHP Salvador Cervantes
|
Batting: RHB Rob Johnston
|
0-0: Fly out, F9 (Line Drive, 9)
|
Batting: RHB Robinson Fernández
|
0-0: Ball 1-0: Ball 2-0: Fly out, F8 (Flyball, 8LD)
|
Pitching: RHP Ismael Chávez
|
|
Batting: LHB Bartolo Baruffaldi
|
0-0: Ball 1-0: Called Strike 1-1: Ball 2-1: Called Strike 2-2: Strikes out swinging
|
Bottom of the 9th over - 0 runs, 0 hits, 0 errors, 0 left on base; Savannah 3 - Scottsdale 0 |
|